 Dungeon Crawl Stone Soup version 0.26-a0-708-g17f3b190f9 (webtiles) character file.

Game seed: 663273133400471135

99 Chiseanne the Magician (level 4, -1/30 HPs)
             Began as a Demonspawn Hedge Wizard on Oct 28, 2020.
             Succumbed to a scorpion's poison
             ... on level 3 of the Dungeon.
             The game lasted 00:06:48 (3214 turns).

Chiseanne the Magician (Demonspawn Hedge Wizard)    Turns: 3214, Time: 00:06:48

Health: -1/30      AC:  3    Str: 10    XL:     4   Next: 45%
Magic:  8/10       EV: 12    Int: 16    God:
Gold:   177        SH:  0    Dex: 13    Spells: 5/11 levels left

rFire    + . .     SeeInvis .   f - +0 hand axe
rCold    . . .     Faith    .   (no shield)
rNeg     . . .     Spirit   .   b - +0 robe
rPois    .         Reflect  .   c - +0 hat
rElec    .         Harm     .   (no cloak)
rCorr    .         Rampage  .   i - +0 pair of gloves
MR       .....                  (no boots)
Stlth    ++........             (no amulet)
HPRegen  0.10/turn              j - ring of flight
MPRegen  0.12/turn              (no ring)

@: lethally poisoned (-1 -> -25)
A: fire resistance 1, powered by pain 1
a: Evoke Flight


You were on level 3 of the Dungeon.
You visited 1 branch of the dungeon, and saw 3 of its levels.

You collected 177 gold pieces.

Inventory:

Hand Weapons
 a - a +0 dagger
 f - a +0 hand axe (weapon)
Missiles
 k - 57 sling bullets
 o - 15 poisoned darts (quivered)
Armour
 b - a +0 robe (worn)
 c - a +0 hat (worn)
 i - a +0 pair of gloves (worn)
Jewellery
 j - a ring of flight (left hand)
Scrolls
 g - 3 scrolls of teleportation
 m - a scroll of remove curse
 p - a scroll of amnesia
 q - a scroll of identify
Potions
 d - 3 potions of curing
 e - a potion of ambrosia {unknown}
 h - 2 potions of lignification
 l - 3 potions of stabbing
 n - 2 potions of berserk rage


   Skills:
 - Level 1.7 Dodging
 - Level 1.7 Stealth
 - Level 4.1 Spellcasting
 * Level 3.1 Conjurations
   Level 1.0 Summonings
 - Level 0.8 Translocations
 * Level 0.2 Air Magic


You had 5 spell levels left.
You knew the following spells:

 Your Spells              Type           Power        Failure   Level
a - Magic Dart            Conj           ##..         4%          1
b - Blink                 Tloc           N/A          19%         2
d - Mephitic Cloud        Conj/Pois/Air  #.......     32%         3

Your spell library contained the following spells:

 Spells                   Type           Power        Failure   Level
 Call Imp                 Summ           #.......     17%         2
 Slow                     Hex            #.......     26%         2
 Conjure Flame            Conj/Fire      #.......     26%         3


Dungeon Overview and Level Annotations

Branches:
Dungeon (3/15)

Altars:
Kikubaaqudgha
Zin

Annotations:
D:3 Terence


Innate Abilities, Weirdness & Mutations

Your flesh is heat resistant. (rF+)
You sometimes gain a little power by taking damage.


Message History

Casting: Magic Dart (safe; 4% risk of failure)
Confirm with . or Enter, or press ? or * to list all spells.
You don't have enough magic to cast that spell.
Casting: Magic Dart (safe; 4% risk of failure)
Confirm with . or Enter, or press ? or * to list all spells.
You don't have enough magic to cast that spell.
You barely miss the scorpion.
The scorpion is severely wounded.
You feel sick. The scorpion barely misses you.
You hit the scorpion.
The scorpion is almost dead.
You feel sick. The scorpion closely misses you. The scorpion stings you!
* * * LOW HITPOINT WARNING * * *
You focus on the pain.
You feel your power returning.
You are more poisoned.
The scorpion poisons you!
Your magical contamination has completely faded away.
You barely miss the scorpion.
The scorpion is almost dead.
You die...

#.....................#..# #..#
.........##........##.#..####..#
##.##.[..##..##....##.#........#
.........†......................
.........##..##....#.#...####..#
#.##....##..##....#.#..........
#...................B####...
#..#.##..............l....B.
............@.###.#.>.####..#
###..#.......s.# #...
#..#.#######.# #... #..#.# .#
#..# #..#.# .# ...# .# ....# .#
#...# .# .#...# ......


You could see a scorpion.

Vanquished Creatures
  2 gnolls
  2 adders
  An ooze (D:1)
  2 dart slugs
  2 ball pythons (D:2)
  3 giant cockroaches
  6 goblins
  3 hobgoblins
  3 jackals (D:3)
  6 kobolds
  A quokka (D:2)
  5 bats
  8 frilled lizards
  11 rats
55 creatures vanquished.

Notes
Turn   | Place    | Note
-------+----------+-------------------------------------------
     0 | D:1      | Chiseanne the Demonspawn Hedge Wizard began the quest for
                  | the Orb.
     0 | D:1      | Reached XP level 1. HP: 13/13 MP: 4/4
   277 | D:1      | Gained mutation: You sometimes gain a little power by
                  | taking damage. [demonic ancestry]
   277 | D:1      | Reached XP level 2. HP: 19/19 MP: 4/6
  1153 | D:1      | Reached XP level 3. HP: 24/24 MP: 6/8
  1711 | D:3      | Noticed Terence
  1897 | D:3      | Noticed an ogre
  2180 | D:2      | Found an ancient bone altar of Kikubaaqudgha.
  2410 | D:1      | Gained mutation: Your flesh is heat resistant. (rF+)
                  | [demonic ancestry]
  2410 | D:1      | Reached XP level 4. HP: 26/30 MP: 1/9
  2739 | D:2      | Reached skill level 4 in Spellcasting
  3001 | D:3      | Learned a level 2 spell: Blink
  3005 | D:3      | Learned a level 3 spell: Mephitic Cloud
  3040 | D:3      | Found a glowing silver altar of Zin.
  3213 | D:3      | HP: 1/30 [scorpion (9)]
  3214 | D:3      | Succumbed to a scorpion's poison

Illustrated notes

Levels and vault maps discovered:
D:1:      lightli_arrival_chessboard, layout_loops_ring
D:2:      layout_loops_cross, hex_large, lemuel_altar_in_water
D:3:      layout_basic, zin_treasury, uniq_terence

Skill      XL: |  1  2  3  4 |
---------------+-------------+-----
Conjurations   | 2 3 |  3.1
Spellcasting   | 4 |  4.1
Dodging        | |  1.7
Stealth        | |  1.7
Summonings     | |  1.0
Translocations | |  0.8
Air Magic      | |  0.2

Action                   |  1- 3 |  4- 6 || total
-------------------------+-------+-------++-------
Melee: Dagger            |     2 |       ||     2
       Hand axe          |    41 |     9 ||    50
 Cast: Magic Dart        |    95 |    42 ||   137
  Use: Scroll            |     8 |     2 ||    10
 Stab: Sleeping          |     1 |       ||     1
Armor: Robe              |    12 |     5 ||    17
Dodge: Dodged            |    40 |    15 ||    55

Table legend: (Time is in decaauts)
 A = Elapsed time spent in this place.
 B = Non-inter-level travel time spent in this place.
 C = Inter-level travel time spent in this place.
 D = Time resting spent in this place.
 E = Time spent auto-exploring this place.
 F = Levels seen in this place.
 G = Mean time per level.
                   A        B        C        D        E       F      G
               +--------+--------+--------+--------+--------+-----+--------+
         Total |   3230 |   3151 |     79 |   1330 |   1229 |   3 | 1076.7 |
       Dungeon |   3230 |   3151 |     79 |   1330 |   1229 |   3 | 1076.7 |
               +--------+--------+--------+--------+--------+-----+--------+

Top non-repeatable levels by time:
     D:1: 1406 daAuts
     D:2: 1214 daAuts
     D:3: 609 daAuts
